 Dungeon Crawl Stone Soup version 0.27.1-3-gb3d3a73c9e (webtiles) character file.

Game seed: 12097935061933464929

57 Cykl0x the Shield-Bearer (level 3, 0/33 HPs)
             Began as a Minotaur Fighter on Oct 18, 2021.
             Slain by Terence (9 damage)
             ... on level 2 of the Dungeon.
             The game lasted 00:01:18 (1955 turns).

Cykl0x the Shield-Bearer (Minotaur Fighter)         Turns: 1955, Time: 00:01:19

Health: 0/33       AC:  7    Str: 21    XL:     3   Next: 73%
Magic:  2/2        EV:  7    Int:  5    God:
Gold:   41         SH:  9    Dex:  9    Spells: 2/2 levels left

rFire    . . .     SeeInvis .   a - +0 long sword
rCold    . . .     Faith    .   c - +0 kite shield
rNeg     . . .     Spirit   .   b - +0 scale mail
rPois    .         Reflect  .   (helmet restricted)
rElec    .         Harm     .   (no cloak)
rCorr    .         Rampage  .   (no gloves)
Will     .....                  (no boots)
Stlth    ..........             (no amulet)
HPRegen  0.11/turn              (no ring)
MPRegen  0.08/turn              (no ring)

@: no status effects
A: horns 2, retaliatory headbutt
a: no special abilities


You were on level 2 of the Dungeon.
You visited 1 branch of the dungeon, and saw 2 of its levels.

You collected 41 gold pieces.

Inventory:

Hand Weapons
 a - a +0 long sword (weapon)
 f - a +1 short sword of draining
Missiles
 g - 69 stones (quivered)
Armour
 b - a +0 scale mail (worn)
 c - a +0 kite shield (worn)
Scrolls
 e - a scroll of enchant weapon {unknown}
 h - a scroll of identify
 j - a scroll of teleportation
Potions
 d - 2 potions of might
 i - a potion of heal wounds {unknown}
 k - a potion of attraction {unknown}


   Skills:
 + Level 4.0 Fighting
 + Level 3.4 Long Blades
 + Level 4.0 Armour
 + Level 4.5 Shields


You had 2 spell levels left.
You didn't know any spells.
Your spell library was empty.

Dungeon Overview and Level Annotations

Branches:
Dungeon (2/15)

Altars:

Annotations:
D:2 Terence


Innate Abilities, Weirdness & Mutations

You have a pair of horns on your head.
You reflexively headbutt those who attack you in melee.


Message History

You barely miss Terence.
Terence is moderately wounded.
Terence screams, "I want your blood!" Terence closely misses you.
You furiously retaliate!
You headbutt Terence. You block Terence's attack.
You slash Terence!
Terence is almost dead.
You block Terence's attack.
You hit Terence. You headbutt Terence.
Terence is almost dead.
Terence hits you with a +1 flail of protection!
You are too injured to fight recklessly!
You are too injured to fight recklessly!
You are too injured to fight recklessly!
You are too injured to fight recklessly!
You are too injured to fight recklessly!
You are too injured to fight recklessly!
You are too injured to fight recklessly!
You barely miss Terence. You headbutt Terence.
Terence is almost dead.
You block Terence's attack. Terence barely misses you.
You hit Terence but do no damage.
Terence is almost dead.
You block Terence's attack. x2
You barely miss Terence. You headbutt Terence, but do no damage.
Terence is almost dead.
Terence shouts, "Now you die!" You block Terence's attack.
You hit Terence but do no damage. Your headbutt misses Terence.
Terence is almost dead.
Terence closely misses you.
Terence hits you with a +1 flail of protection.
* * * LOW HITPOINT WARNING * * *
You closely miss Terence. You headbutt Terence, but do no damage.
Terence is almost dead.
You block Terence's attack.
Your shield prevents you from hitting Terence.
Terence is almost dead.
Terence hits you with a +1 flail of protection!
You die...

#. #. #. #. #. #.
#. ##########
#####. #.@......#
#...>.
#@######.#####.###.
#( #.).....# #. #(
#######.###. #.
#..... #[ ###### #.
# .. ## #.


You could see Terence.

Vanquished Creatures
  An adder (D:2)
  3 worms (D:2)
  3 endoplasms (D:1)
  3 giant cockroaches (D:1)
  A goblin (D:1)
  5 hobgoblins
  4 kobolds
  A quokka (D:1)
  5 ball pythons
  6 bats
  2 frilled lizards
  A rat (D:1)
35 creatures vanquished.

Notes
Turn   | Place    | Note
-------+----------+-------------------------------------------
     0 | D:1      | Cykl0x the Minotaur Fighter began the quest for the Orb.
     0 | D:1      | Reached XP level 1. HP: 19/19 MP: 0/0
   143 | D:1      | Reached XP level 2. HP: 13/27 MP: 1/1
  1323 | D:2      | Reached XP level 3. HP: 33/33 MP: 2/2
  1938 | D:2      | Noticed Terence
  1955 | D:2      | Slain by Terence

Illustrated notes

Levels and vault maps discovered:
D:1:      onia_arrival_pyramid, layout_basic, hangedman_feature_mirror,
          st_stairs_5
D:2:      layout_loops_ring, uniq_terence

Skill      XL: |  1  2  3 |
---------------+----------+-----
Shields        | 4 |  4.5
Long Blades    | 3 |  3.4
Armour         | 4 |  4.0
Fighting       | 4 |  4.0

Action                   || total
-------------------------++-------
Melee: Long sword        ||   117
       Headbutt          ||    18
Throw: Stone             ||    14
  Use: Scroll            ||     4
Armor: Scale mail        ||    44
Dodge: Dodged            ||    30
Block: Kite shield       ||    71
       Rpst.: Long sword ||     7
